 Dungeon Crawl Stone Soup version 0.29-a0-2-g12fcac58f8 (webtiles) character file.

Game seed: 9512233772942874024

198 IdlyInterested the Ducker (level 5, -3/26 (36) HPs)
             Began as a Demonspawn Wanderer on Jan 26, 2022.
             Slain by Dowan (4 damage)
             ... on level 5 of the Dungeon.
             The game lasted 00:07:12 (2883 turns).

IdlyInterested the Ducker (Demonspawn Wanderer)     Turns: 2883, Time: 00:07:13

HP:   -3/26 (36)    AC: 11    Str: 12    XL:     5   Next: 47%
MP:   6/6           EV:  7    Int: 15    God:
Gold: 54            SH:  4    Dex: 13    Spells: 5/6 levels left

rFire   . . .      SeeInvis .   a - +0 dagger
rCold   . . .      Faith    .   c - +0 buckler
rNeg    . . .      Spirit   .   k - +0 chain mail
rPois   .          Reflect  .   (no helmet)
rElec   .          Harm     .   (no cloak)
rCorr   .          Rampage  .   i - +0 pair of gloves
Will    .....                   j - +0 pair of boots
Stlth   ..........              (no amulet)
HPRegen 0.08/turn               (no ring)
MPRegen 0.10/turn               (no ring)

@: very heavily drained
A: spiny 1, sturdy frame 1, weakness stinger 2
a: no special abilities


You were on level 5 of the Dungeon.
You visited 1 branch of the dungeon, and saw 5 of its levels.

You collected 54 gold pieces.

Inventory:

Hand Weapons
 a - a +0 dagger (weapon)
Missiles
 f - 57 stones (quivered)
Armour
 c - a +0 buckler (worn)
 d - a +0 leather armour
 g - a +0 scale mail
 i - a +0 pair of gloves (worn)
 j - a +0 pair of boots (worn)
 k - a +0 chain mail (worn)
 m - a +0 ring mail
Scrolls
 h - a scroll of fog
Potions
 l - a potion of resistance


   Skills:
 + Level 0.8 Fighting
 * Level 1.3 Short Blades
 * Level 2.4 Armour
 - Level 4.0 Dodging
 * Level 1.7 Stealth
 + Level 3.2 Shields
 + Level 1.1 Spellcasting
 * Level 2.0 Summonings
 - Level 1.0 Evocations


You had 5 spell levels left.
You knew the following spells:

 Your Spells              Type           Power      Damage    Failure   Level
a - Summon Small Mammal   Summ           24%        N/A       92%         1

Your spell library contained the following spells:

 Spells                   Type           Power      Damage    Failure   Level
 Call Canine Familiar     Summ           6%         N/A       100%        3
 Conjure Flame            Conj/Fire      0%         6-21      100%        3
 Ignite Poison            Fire/Tmut/Pois 0%         N/A       100%        3
 Summon Guardian Golem    Hex/Summ       3%         N/A       100%        3
 Sticky Flame             Conj/Fire      0%         2d3       100%        4
 Monstrous Menagerie      Summ           3%         N/A       100%        7
 Summon Hydra             Summ           3%         N/A       100%        7


Dungeon Overview and Level Annotations

Branches:
Dungeon (6/15)
 Temple: D:4-7

Altars:

Annotations:
D:5 Dowan


Innate Abilities, Weirdness & Mutations

You are partially covered in sharp spines.
Your movements are slightly less encumbered by armour. (ER -2)
You have a tail ending in a sharp stinger.


Message History

Dowan is moderately wounded.
Dowan barely misses you. You block Dowan's attack.
You hit Dowan but do no damage.
Your tail-slap misses Dowan.
Dowan is moderately wounded.
You hit Dowan.
Dowan is moderately wounded.
Dowan points at you and mumbles some strange words.
The puff of flame hits you.
You closely miss Dowan.
Dowan is moderately wounded.
Dowan hits you but does no damage.
You feel drained.
You barely miss Dowan.
Dowan is moderately wounded.
Dowan hits you with a +4 dagger of draining.
* * * LOW HITPOINT WARNING * * *
You feel drained.
* * * LOW HITPOINT WARNING * * *
You feel better. Dowan closely misses you.
You hit Dowan.
Dowan is moderately wounded.
Dowan completely misses you.
Throw: 2 throwing nets
Press: ? - help, Shift-Dir - straight line, f - Dowan
Aim: Dowan, wielding a +4 dagger of draining and wearing a +2 robe of positive energy (moderately wounded, 43% to hit)
You throw a throwing net. The throwing net closely misses Dowan.
Dowan hits you with a +4 dagger of draining.
You feel drained.
Throw: throwing net
Press: ? - help, Shift-Dir - straight line, f/p - Dowan
Aim: Dowan, wielding a +4 dagger of draining and wearing a +2 robe of positive energy (moderately wounded, 43% to hit)
You throw a throwing net. The throwing net barely misses Dowan.
Dowan is struck by your spines.
Dowan hits you with a +4 dagger of draining!
* * * LOW HITPOINT WARNING * * *
You feel drained.
* * * LOW HITPOINT WARNING * * *
You closely miss Dowan.
Dowan is heavily wounded.
Dowan hits you with a +4 dagger of draining.
You die...

#>.........#
#.....<#..........#
#......#..........#
##......###.##.##..#
#.........#.##.##..#
#........(+........#
+.........#........#
##...<..e..#######..#
.......@.........#..#
..#+#######......#..#
#......'..#
#......#..#
#......#### ########


You could see Dowan.

Vanquished Creatures
  A scorpion (D:6)
  A centaur skeleton (D:6)
  Jessica (D:2)
  A gnoll (D:1)
  4 adders
  2 ball pythons
  2 bats (D:1)
  4 endoplasms
  5 goblins
  3 hobgoblins (D:1)
  6 jackals
  2 quokkas
  A frilled lizard (D:1)
  2 kobolds (D:1)
  4 rats (D:1)
39 creatures vanquished.

Notes
Turn   | Place    | Note
-------+----------+-------------------------------------------
     0 | D:1      | IdlyInterested the Demonspawn Wanderer began the quest for
                  | the Orb.
     0 | D:1      | IdlyInterested set off with the following items: a +0
                  | dagger, 2 throwing nets, a +0 buckler, a +0 leather armour;
                  | and the following spell memorised: Summon Small Mammal; and
                  | the following spells available to memorise: Call Canine
                  | Familiar
     0 | D:1      | Reached XP level 1. HP: 13/13 MP: 2/2
    45 | D:1      | Found a faded altar of an unknown god.
   404 | D:1      | Gained mutation: You are partially covered in sharp spines.
                  | [demonic ancestry]
   404 | D:1      | Reached XP level 2. HP: 12/19 MP: 3/3
  1151 | D:1      | Gained mutation: You have a small tail. [demonic ancestry]
  1151 | D:1      | Reached XP level 3. HP: 23/25 MP: 4/4
  1613 | D:2      | Noticed Jessica
  1626 | D:2      | Killed Jessica
  1627 | D:2      | Reached skill level 1 in Armour
  1627 | D:2      | Reached skill level 4 in Dodging
  1797 | D:2      | Got Dispater's Collected Works on Fetching Summoning
  1819 | D:2      | Reached skill level 1 in Stealth
  1825 | D:2      | Gained mutation: Your movements are slightly less
                  | encumbered by armour. (ER -2) [demonic ancestry]
  1825 | D:2      | Reached XP level 4. HP: 31/31 MP: 1/5
  2526 | D:3      | You fall into a shaft and drop 3 floors!
  2530 | D:6      | Noticed a scorpion
  2539 | D:6      | HP: 1/31 [scorpion (7)]
  2549 | D:6      | Killed a scorpion
  2550 | D:6      | Reached skill level 1 in Short Blades
  2550 | D:6      | Gained mutation: You have a tail ending in a sharp stinger.
                  | [demonic ancestry]
  2550 | D:6      | Reached XP level 5. HP: 10/36 MP: 6/6
  2832 | D:5      | Entered Level 5 of the Dungeon
  2857 | D:5      | Noticed Dowan
  2882 | D:5      | HP: 1/26 [Dowan (1)]
  2883 | D:5      | Slain by Dowan

Illustrated notes

Levels and vault maps discovered:
D:1:      minmay_arrival_loop, layout_loops_ring, ebering_ecumenical_altar_mist,
          serial_forest, infiniplex_forest_clump_tiny,
          infiniplex_forest_straight_5, infiniplex_forest_clump_cross,
          infiniplex_forest_lined_4_way, infiniplex_forest_lined_ring,
          infiniplex_forest_clump_C, infiniplex_forest_lined_corner,
          infiniplex_forest_clump_tiny
D:2:      cheibrodos_helix_gallery, layout_basic, uniq_jessica
D:3:      layout_loops_ring, serial_forest, infiniplex_forest_straight_1,
          infiniplex_forest_end_double, infiniplex_forest_corner_1,
          infiniplex_forest_end_1, infiniplex_forest_end_1,
          infiniplex_forest_clump_tiny, minmay_starry_boxes
D:5:      layout_gridville, marbit_many_paths, uniq_blork_the_orc, uniq_duvessa
D:6:      layout_basic, mainiacjoe_overflow_divided_tiny

Skill      XL: |  1  2  3  4  5 |
---------------+----------------+-----
Armour         | 1 2 |  2.4
Dodging        | 4 |  4.0
Stealth        | 1 |  1.7
Shields        | 3 |  3.2
Short Blades   | 1 |  1.3
Summonings     | 2 |  2.0
Fighting       | |  0.8
Spellcasting   | |  1.1
Evocations     | |  1.0

Action                   |  1- 3 |  4- 6 || total
-------------------------+-------+-------++-------
Melee: Dagger            |   104 |    65 ||   169
       Tailslap          |     8 |     5 ||    13
Throw: Stone             |     2 |     1 ||     3
       Throwing net      |       |     4 ||     4
 Cast: Summon Small Mamm |     6 |       ||     6
  Use: Potion            |     4 |     3 ||     7
       Scroll            |     3 |     2 ||     5
Armor: Leather armour    |    14 |       ||    14
       Ring mail         |    13 |       ||    13
       Scale mail        |       |    12 ||    12
       Chain mail        |       |    13 ||    13
Dodge: Dodged            |    63 |    30 ||    93
Block: Buckler           |    31 |    11 ||    42

Table legend: (Time is in decaauts)
 A = Elapsed time spent in this place.
 B = Non-inter-level travel time spent in this place.
 C = Inter-level travel time spent in this place.
 D = Time resting spent in this place.
 E = Time spent auto-exploring this place.
 F = Levels seen in this place.
 G = Mean time per level.
                   A        B        C        D        E       F      G
               +--------+--------+--------+--------+--------+-----+--------+
         Total |   2893 |   2835 |     58 |   1085 |   1242 |   5 |  578.6 |
       Dungeon |   2893 |   2835 |     58 |   1085 |   1242 |   5 |  578.6 |
               +--------+--------+--------+--------+--------+-----+--------+

Top non-repeatable levels by time:
     D:1: 1606 daAuts
     D:2: 928 daAuts
     D:6: 305 daAuts
     D:5: 50 daAuts
     D:3: 1 daAuts
